 Dungeon Crawl Stone Soup version 0.21-a0-404-g291f19a (webtiles) character file.

35 tof the Twirler (level 3, -1/30 HPs)
             Began as a Hill Orc Gladiator on Oct 29, 2017.
             Slain by a kobold
             ... wielding a +0 club
              (4 damage)
             ... on level 1 of the Dungeon.
             The game lasted 00:01:34 (490 turns).

tof the Twirler (Hill Orc Gladiator)                 Turns: 490, Time: 00:01:35

Health: -1/30      AC:  4    Str: 17    XL:     3   Next: 33%
Magic:  3/3        EV: 12    Int:  8    God:
Gold:   0          SH:  0    Dex: 12    Spells: 2/2 levels left

rFire    . . .     SeeInvis .   a - +0 quarterstaff
rCold    . . .     Gourm    .   (shield currently unavailable)
rNeg     . . .     Faith    .   b - +0 leather armour
rPois    .         Spirit   .   c - +0 helmet
rElec    .         Reflect  .   (no cloak)
rCorr    .         Harm     .   (no gloves)
MR       .....                  (no boots)
Stlth    +.........             (no amulet)
HPRegen  0.10/turn              e - ring of flight
MPRegen  0.08/turn              (no ring)

@: no status effects
A: no striking features
a: Evoke Flight


You were on level 1 of the Dungeon.
You were not hungry.

You visited 1 branch of the dungeon, and saw 2 of its levels.

Inventory:

Hand Weapons
 a - a +0 quarterstaff (weapon)
Missiles
 d - 3 throwing nets (quivered)
Armour
 b - a +0 leather armour (worn)
 c - a +0 helmet (worn)
Jewellery
 e - a ring of flight (left hand)
 j - an uncursed amulet of rage {unknown}
Scrolls
 h - a scroll of amnesia {unknown}
 k - a scroll of fog {unknown}
Potions
 g - a potion of might {unknown}
 i - a potion of haste {unknown}
Comestibles
 f - a bread ration


   Skills:
 + Level 2.8 Fighting
 * Level 3.1 Staves
 - Level 1.7 Throwing
 * Level 1.7 Armour
 + Level 2.5 Dodging


You had 2 spell levels left.
You didn't know any spells.

Dungeon Overview and Level Annotations

Branches:
Dungeon (2/15)

Altars:


Message History

The bat barely misses you. The bat hits you but does no damage.
The bat barely misses you. The bat hits you but does no damage.
There is a stone staircase leading down here.
You can't go up here!
The bat barely misses you. The bat misses you.
The rat bites you but does no damage.
You climb downwards.
An adder and a giant cockroach come into view.
The adder hisses angrily.
Found a runed short sword and 16 gold pieces.
There is a stone staircase leading up here.
The rat closely misses you.
You climb upwards.
The bat misses you. The kobold hits you but does no damage.
There is a stone staircase leading down here.
You sock the rat!
You kill the rat!
The bat hits you but does no damage. The kobold hits you with a club.
You die...

##### ..... ##### ##
..... .# # ##########
.#.#
##.......#####+##.#.#
.................K..#
...............?@...####
##.......##....†b......#
.......................#
#.......†........?.....#
.......................#
................≈≈≈....#
...............≈≈8≈≈....
..........#..?#######...
............†)..!...(...


You could see a bat and a kobold.

Vanquished Creatures
  A gnoll (D:1)
  A dart slug (D:1)
  A leopard gecko (D:1)
  3 goblins (D:1)
  3 hobgoblins (D:1)
  3 jackals (D:1)
  A ball python (D:1)
  4 bats (D:1)
  A frilled lizard (D:1)
  A kobold (D:1)
  3 rats (D:1)
22 creatures vanquished.

Notes
Turn   | Place    | Note
-------+----------+-------------------------------------------
     0 | D:1      | tof the Hill Orc Gladiator began the quest for the Orb.
     0 | D:1      | Reached XP level 1. HP: 18/18 MP: 1/1
    44 | D:1      | Reached XP level 2. HP: 23/25 MP: 2/2
    67 | D:1      | Reached skill level 1 in Armour
    90 | D:1      | Reached skill level 3 in Staves
   409 | D:1      | Reached XP level 3. HP: 22/30 MP: 3/3
   478 | D:1      | HP: 1/30 [kobold/club (5)]
   490 | D:1      | Slain by a kobold

Vault maps used:
D:1:      minmay_arrival_shoal_huts, moated_statue, interstate_on_off,
          minmay_misc_feat_encased, st_stairs_12
D:2:      old_standard_altar, uniq_sigmund, uniq_terence

Skill      XL: |  1  2 |
---------------+-------+-----
Armour         | 1 |  1.7
Staves         | 3 |  3.1
Fighting       | |  2.8
Throwing       | |  1.7
Dodging        | |  2.5

Action                   || total
-------------------------++-------
Melee: Quarterstaff      ||    57
Armor: Leather armour    ||    37
Dodge: Dodged            ||    68

Table legend:
 A = Spawn XP
 B = Non-spawn XP
 C = Spawn XP percentage of total XP
 D = Spawn monster count
 E = Non-spawn monster count
 F = Spawn count percentage of total count
 G = Total turns spent on level
                    A         B        C        D         E        F      G
               +---------+---------+-------+---------+---------+-------+---------
         Total |       0 |      50 |   0.0 |       0 |      22 |   0.0 |   490
               +---------+---------+-------+---------+---------+-------+---------
           D:1 |       0 |      50 |   0.0 |       0 |      22 |   0.0 |   488
               +---------+---------+-------+---------+---------+-------+---------
